 Dungeon Crawl Stone Soup version 0.31-a0-1236-gaa9e43cceb (webtiles) character file.

Game seed: 6978845899144397186

518 MacCMillion the Cleaver (level 7, 0/57 HPs)
             Began as a Minotaur Fighter on Dec 15, 2023.
             Was a Follower of Okawaru.
             Slain by a scorpion (1 damage)
             ... on level 5 of the Dungeon.
             The game lasted 00:04:12 (3634 turns).

MacCMillion the Cleaver (Minotaur Fighter)          Turns: 3634, Time: 00:04:13

Health: 0/57       AC: 10    Str: 23    XL:     7   Next: 1%
Magic:  6/6        EV: 13    Int:  5    God:    Okawaru [*.....]
Gold:   265        SH:  4    Dex:  9    Spells: 6/6 levels left

rFire   . . .        a - +0 war axe
rCold   . . .        c - +0 buckler
rNeg    . . .        w - +0 chain mail
rPois   .            (helmet restricted)
rElec   .            t - +0 cloak
rCorr   .            (no gloves)
SInv    .            (no boots)
Will    .....        (no amulet) Stlth
                     l - +5 ring of evasion
HPRegen 0.29/turn    q - ring of flight
MPRegen 0.10/turn

%: no passive effects
@: flying
A: horns 2, retaliatory headbutt
a: Renounce Religion, Heroism


You were on level 5 of the Dungeon.
You worshipped Okawaru.
Okawaru was aware of your devotion.
You visited 2 branches of the dungeon, and saw 6 of its levels.

You collected 265 gold pieces.

Inventory:

Hand Weapons
 a - a +0 war axe (weapon)
Missiles
 i - 11 poisoned darts
 r - 2 javelins
Armour
 c - a +0 buckler (worn)
 t - a +0 cloak (worn)
 w - a +0 chain mail (worn)
Jewellery
 l - a +5 ring of evasion (left hand)
 n - an amulet of faith
 o - a ring of fire
 q - a ring of flight (right hand)
Wands
 v - a wand of roots (9)
Scrolls
 e - 2 scrolls of teleportation {unknown}
 f - 10 scrolls of identify {unknown}
 g - 2 scrolls of fog {unknown}
 k - a scroll of immolation {unknown}
 s - a scroll of amnesia {unknown}
Potions
 d - 2 potions of might
 h - 3 potions of lignification {unknown}
 j - 2 potions of curing {unknown}
 m - a potion of haste {unknown}
 p - a potion of berserk rage {unknown}
 u - a potion of attraction {unknown}


   Skills:
 - Level 3.6 Fighting
 + Level 9.0 Axes
 - Level 3.6 Armour
 - Level 1.0 Dodging
 - Level 4.0 Shields


You had 6 spell levels left.
You didn't know any spells.
Your spell library contained the following spells:

 Spells                   Type           Power      Damage    Failure   Level
 Slow                     Hex            0%         N/A       98%         1
 Blink                    Tloc           0%         N/A       99%         2
 Lesser Beckoning         Tloc           0%         N/A       99%         2
 Momentum Strike          Conj/Tloc      0%         3d8       99%         2
 Confusing Touch          Hex            0%         N/A       100%        3
 Gell's Gravitas          Tloc           0%         N/A       100%        3
 Sigil of Binding         Hex            0%         N/A       100%        3
 Teleport Other           Tloc           0%         N/A       100%        3
 Vampiric Draining        Necr           0%         2d6       100%        3
 Sticky Flame             Conj/Fire      0%         2d3       100%        4
 Lee's Rapid Deconstruct  Erth           0%         3d4*      100%        5
 Summon Guardian Golem    Hex/Summ       Unusable   N/A       N/A         3
 Animate Armour           Summ/Erth      Unusable   N/A       N/A         4
 Summon Lightning Spire   Summ/Air       Unusable   N/A       N/A         4
 Summon Horrible Things   Summ           Unusable   N/A       N/A         8

Dungeon Overview and Level Annotations

Branches:
Dungeon (5/15)             Temple (1/1) D:4

Altars:
Dithmenos
Elyvilon
Fedhas
Hepliaklqana
Kikubaaqudgha
Makhleb
Nemelex Xobeh
Okawaru
Qazlal
Ru
Sif Muna
Trog
Vehumet
Wu Jian
Xom
Yredelemnul
Zin
The Shining One

Annotations:
D:2 1 runed translucent door, Crazy Yiuf
D:5 Menkaure


Innate Abilities, Weirdness & Mutations

You have a pair of horns on your head.
You reflexively headbutt those who attack you in melee.


Message History

Menkaure is nearby!
Menkaure casts a spell.
Menkaure seems to speed up.
Things that are here:
a +0 dagger; a +0 robe; a scorpion corpse A scorpion comes into view.
A quokka comes into view.
Menkaure calls on the powers of darkness!
Your body is wracked with pain!
The quokka convulses!
You hear a bark!
Found 7 gold pieces.
The scorpion stings you but does no damage.
Menkaure hits you but does no damage.
The scorpion stings you but does no damage.
You barely miss Menkaure. You hit the scorpion but do no damage.
A hound comes into view.
Menkaure barely misses you. You furiously retaliate!
You headbutt Menkaure, but do no damage.
The scorpion completely misses you.
You barely miss Menkaure. You hit the scorpion. Menkaure casts a spell at you.
Pain shoots through your body! The scorpion closely misses you.
Menkaure closely misses you.
You hit Menkaure but do no damage. You hit the scorpion.
The scorpion barely misses you. Menkaure hits you!!
* * * LOW HITPOINT WARNING * * *
You slash Menkaure! Your headbutt misses Menkaure.
Menkaure is heavily damaged.
You closely miss the quokka. You hit the scorpion but do no damage.
You block the scorpion's attack. The quokka closely misses you.
Menkaure points at you and mumbles some strange words.
Pain shoots through your body!
* * * LOW HITPOINT WARNING * * *
You hit Menkaure.
Menkaure is heavily damaged.
You miss the quokka. You closely miss the scorpion.
The quokka bites you but does no damage.
You block the scorpion's attack. Menkaure closely misses you.
You furiously retaliate!
You headbutt Menkaure. The quokka completely misses you.
The scorpion stings you.
You die...

.. #.#..#
...##.#..#
.........#
.........#
.......<.# #
......#.)#.#
.##.###)##.###..
#......sh.....
######@##.....
...$...rM......
...#####.......
....... .......
....... .......
.......


You could see Menkaure (fast), a scorpion, a hound and a quokka.

Vanquished Creatures
  A black bear (D:4)
  2 scorpions
  A hound (D:4)
  An iguana (D:4)
  4 orc wizards
  Robin (D:3)
  3 adders
  2 worms
  2 dart slugs
  6 orcs
  7 ball pythons
  6 endoplasms
  5 giant cockroaches
  19 goblins
  13 hobgoblins
  5 jackals
  A quokka (D:3)
  5 bats
  3 frilled lizards
  9 kobolds
  6 rats
102 creatures vanquished.

Notes
Turn   | Place    | Note
-------+----------+-------------------------------------------
     0 | D:1      | MacCMillion the Minotaur Fighter began the quest for the
                  | Orb.
     0 | D:1      | Reached XP level 1. HP: 19/19 MP: 0/0
    26 | D:1      | Got Asmodeus's Spellbook of Phantasmal Phlogiston
    79 | D:1      | Reached XP level 2. HP: 26/26 MP: 1/1
   131 | D:1      | Reached skill level 3 in Axes
   131 | D:1      | Reached skill level 1 in Dodging
   480 | D:2      | Reached XP level 3. HP: 24/31 MP: 2/2
   731 | D:2      | Found a shadowy altar of Dithmenos.
   860 | D:2      | Reached skill level 4 in Axes
  1433 | D:2      | Found a runed translucent door.
  1434 | D:2      | Noticed Crazy Yiuf
  1923 | D:3      | Reached XP level 4. HP: 39/39 MP: 3/3
  1962 | D:3      | Reached skill level 5 in Axes
  2228 | D:3      | Noticed Robin
  2241 | D:3      | Killed Robin
  2458 | D:3      | Got the Secrets of the Immovable Scars
  2711 | D:4      | Reached skill level 6 in Axes
  2711 | D:4      | Reached XP level 5. HP: 26/45 MP: 4/4
  2957 | D:4      | Reached skill level 7 in Axes
  3022 | D:4      | Found a staircase to the Ecumenical Temple.
  3031 | Temple   | Entered the Ecumenical Temple
  3049 | Temple   | Became a worshipper of Warmaster Okawaru
  3130 | D:4      | Reached XP level 6. HP: 51/51 MP: 5/5
  3275 | D:4      | Found a glowing golden altar of the Shining One.
  3284 | D:4      | Reached skill level 8 in Axes
  3598 | D:5      | Entered Level 5 of the Dungeon
  3613 | D:5      | Reached * piety under Okawaru
  3614 | D:5      | Reached skill level 9 in Axes
  3614 | D:5      | Reached XP level 7. HP: 47/57 MP: 6/6
  3626 | D:5      | Noticed Menkaure
  3633 | D:5      | HP: 1/57 [Menkaure/nerve-wracking pain (6)]
  3634 | D:5      | Slain by a scorpion

Illustrated notes

Levels and vault maps discovered:
D:1:      lightli_arrival_lavapool, layout_rooms
D:2:      kennysheep_six_static_rooms, layout_basic, basic_altar,
          minmay_tetromino_s2, uniq_crazy_yiuf_cottage
D:3:      kennysheep_goblin_castle, layout_loops_ring, minmay_crystal_water
D:4:      layout_basic, lemuel_doored_altar, minmay_temple_entry_poolview
D:5:      layout_basic, ashenzari_altar_1, nrook_loot_triangle, st_stairs_7,
          uniq_blork_the_orc, uniq_menkaure
Temple:   compressed_dpeg_triangle_lava_temple

Skill      XL: |  1  2  3  4  5  6 |
---------------+-------------------+-----
Shields        | 4 |  4.0
Axes           | 3 4 6 7 9 |  9.0
Dodging        | 1 |  1.0
Fighting       | |  3.6
Armour         | |  3.6

Action                     |  1- 3 |  4- 6 |  7- 9 || total
---------------------------+-------+-------+-------++-------
  Melee: War axe           |   101 |    90 |     5 ||   196
         Headbutt          |    19 |    10 |       ||    29
 Armour: Scale mail        |    65 |    57 |       ||   122
         Chain mail        |       |    10 |     6 ||    16
  Dodge: Dodged            |    39 |    68 |     8 ||   115
  Block: Buckler           |    26 |    20 |     2 ||    48

Table legend: (Time is in decaauts)
 A = Elapsed time spent in this place.
 B = Non-inter-level travel time spent in this place.
 C = Inter-level travel time spent in this place.
 D = Time resting spent in this place.
 E = Time spent auto-exploring this place.
 F = Levels seen in this place.
 G = Mean time per level.
                   A        B        C        D        E       F      G
               +--------+--------+--------+--------+--------+-----+--------+
         Total |   3689 |   3494 |    195 |    354 |   2549 |   6 |  614.8 |
       Dungeon |   3652 |   3474 |    178 |    354 |   2549 |   5 |  730.4 |
        Temple |     36 |     19 |     17 |      0 |      0 |   1 |   36.0 |
               +--------+--------+--------+--------+--------+-----+--------+

Top non-repeatable levels by time:
     D:2: 1237 daAuts
     D:3: 972 daAuts
     D:4: 926 daAuts
     D:1: 479 daAuts
     D:5: 37 daAuts
  Temple: 36 daAuts
